 Dungeon Crawl Stone Soup version 0.29.0-4-gdea44cf6ec (webtiles) character file.

Game seed: 13392470850782705233

68285 qw the Severer (level 15, -7/96 HPs)
             Began as a Gargoyle Berserker on Sept 6, 2022.
             Was an Elder of Trog.
             Mangled by a two-headed ogre
             ... wielding a +0 giant club
              (9 damage)
             ... on level 14 of the Dungeon.
             The game lasted 00:09:31 (21803 turns).

qw the Severer (Gargoyle Berserker)                Turns: 21803, Time: 00:09:32

Health: -7/96      AC: 34    Str: 33    XL:     15   Next: 26%
Magic:  13/13      EV:  8    Int:  9    God:    Trog [****..]
Gold:   1643       SH: 11    Dex:  9    Spells: 14/14 levels left

rFire   + . .      SeeInvis +   p - +0 broad axe
rCold   + . .      Faith    .   f - +0 kite shield
rNeg    + . .      Spirit   .   r - +3 plate armour
rPois   inf        Reflect  .   e - +2 hat
rElec   +          Harm     .   c - scarf {rC+ rF+}
rCorr   .          Rampage  .   d - +2 pair of gloves
Will    +....                   (no boots)
Stlth   ..........              k - amulet of regeneration
HPRegen 1.06/turn               s - ring of see invisible
MPRegen 0.13/turn               m - +6 ring of strength

@: on berserk cooldown, flying, slowed, very slow
A: sickness immunity, AC +11, big wings, negative energy resistance 1,
electricity resistance, torment resistance 1, petrification resistance, low MP 1
a: Renounce Religion, Berserk, Trog's Hand, Brothers in Arms


You were on level 14 of the Dungeon.
You worshipped Trog.
Trog was greatly pleased with you.
You visited 2 branches of the dungeon, and saw 19 of its levels.

You collected 1676 gold pieces.
You spent 33 gold pieces at shops.


Innate Abilities, Weirdness & Mutations

You are immune to sickness and miasma.
Your stone body is resilient. (AC +11)
You are immune to poison.
Your large and strong wings let you fly.
You resist negative energy. (rN+)
You are resistant to electric shocks. (rElec)
You are resistant to unholy torment.
You are immune to petrification.
Your magical capacity is low. (-10% MP)


   Skills:
 - Level 12.0 Fighting
 - Level 16.4 Axes
 + Level 6.9 Throwing
 - Level 10.0 Armour
 - Level 4.0 Dodging
 - Level 13.0 Shields


You had 14 spell levels left.
You didn't know any spells.
Your spell library was empty.

Inventory:

Hand Weapons
 p - a +0 broad axe (weapon)
 x - a +0 demon whip of venom
Missiles
 j - 8 boomerangs
 o - 2 silver javelins (quivered)
Armour
 c - a scarf of resistance (worn)
 d - a +2 pair of gloves (worn)
 e - a +2 hat (worn)
 f - a +0 kite shield (worn)
 i - a +0 cloak
 r - a +3 plate armour (worn)
Jewellery
 k - an amulet of regeneration (around neck)
 m - a +6 ring of strength (right hand)
 n - a ring of fire
 s - a ring of see invisible (left hand)
 u - a ring of ice
 w - a ring of protection from fire
 Y - a +6 ring of dexterity
Wands
 y - a wand of digging (5)
Scrolls
 b - 9 scrolls of identify
 v - 6 scrolls of teleportation
Potions
 a - 4 potions of resistance
 g - 12 potions of curing
 h - a potion of might
 l - 5 potions of haste
 q - 2 potions of mutation
 t - a potion of cancellation
 A - 5 potions of heal wounds

Dungeon Overview and Level Annotations

Branches:
Dungeon (14/15)            Temple (0/1) D:5            Lair (5/5) D:10
 Shoals (0/4) Lair:3       Spider (0/4) Lair:2        Slime (0/5) Lair:4
    Orc (0/2) D:10         Vaults (0/5) D:14

Altars:
Elyvilon
Fedhas
Kikubaaqudgha
Makhleb
Nemelex Xobeh
Okawaru
Uskayaw
Xom
The Shining One

Shops:
D:1 !   D:13 :

Annotations:
D:8 1 runed translucent door, qw's ghost, novice FoCA
D:9 4 transporters


Message History

The centaur warrior hits you but does no damage.
You block the centaur warrior's attack.
You slice the two-headed ogre!!
You kill the two-headed ogre!
Trog accepts your kill.
You slash the centaur warrior!
The centaur warrior completely misses you.
You block the centaur warrior's attack. The centaur warrior hits you.
The centaur warrior kicks you but does no damage.
The two-headed ogre hits you but does no damage.
The two-headed ogre barely misses you.
You slice the centaur warrior!!
The centaur warrior is almost dead.
You slash the two-headed ogre!
The centaur warrior hits you but does no damage.
The centaur warrior kicks you but does no damage.
You block the centaur warrior's attack.
The centaur warrior kicks you but does no damage.
The two-headed ogre hits you with a +0 giant club! x2
You barely miss the centaur warrior.
The centaur warrior is almost dead.
You hit the two-headed ogre.
The centaur warrior hits you but does no damage.
The centaur warrior kicks you but does no damage.
The two-headed ogre hits you but does no damage.
The two-headed ogre hits you with a +0 giant club!
The centaur warrior hits you but does no damage.
You block the centaur warrior's attack.
You slice the centaur warrior!!
You kill the centaur warrior!
Trog accepts your kill.
You hit the two-headed ogre but do no damage.
The two-headed ogre hits you but does no damage. x2
The centaur warrior drinks a potion.
The centaur warrior seems to grow stronger.
You block the two-headed ogre's attack.
The two-headed ogre hits you but does no damage.
The two-headed ogre hits you with a +0 giant club!!
The two-headed ogre hits you with a +0 giant club!
You die...

........... .........
. .......# ..
......##...
........... ####
..c...... #\.. #
#OO...... #..# .###.
#@# #.. #.#.
.....##)###.# /. #..#
#....##..## .###.#.
#.?..##...###...#####
##........>.##.......
##.....#............
#.#...##........####
#....####........#.#.
.....##
###.......#..#


You could see a centaur warrior (strong) and 2 two-headed ogres.

Vanquished Creatures
  Gastronok (Lair:1)
  Frances (D:14)
  Snorg (Lair:4)
  Harold (D:10)
  3 hydras
  4 boulder beetles
  Fannar (D:9)
  An ogre mage (D:14)
  8 two-headed ogres
  2 centaur warriors
  A deep elf knight (D:14)
  Amaemon (Lair:1)
  A skeletal warrior (D:14)
  A deep elf pyromancer (D:12)
  An orc knight (D:14)
  3 deep elf zephyrmancers (D:14)
  2 cyclopes
  4 black mambas
  5 elephants (Lair:4)
  Joseph (D:8)
  An orange demon (Lair:1)
  3 centaur skeletons (D:14)
  2 gargoyles
  4 kobold demonologists
  2 torpor snails
  7 cane toads
  Maggie (D:8)
  3 unseen horrors
  4 komodo dragons
  An efreet (D:14)
  4 rime drakes
  4 trolls
  9 polar bears
  3 hornets (Lair:5)
  A snapping turtle (Lair:3)
  Prince Ribbit (D:5)
  13 blink frogs
  26 dream sheep
  3 jumping spiders (Lair:2)
  Sigmund (D:5)
  2 shadows
  A vampire (D:12)
  13 spriggans (Lair:5)
  4 wyverns
  47 yaks
  3 wraiths
  2 basilisks
  A redback (Lair:2)
  9 vampire mosquitoes
  9 water moccasins
  6 acid dragons
  An ice beast (D:7)
  7 orc warriors
  A sky beast (D:6)
  6 black bears
  4 boggarts
  3 ogres
  22 wolves
  4 centaurs
  3 kobold brigands
  2 phantoms
  6 bullfrogs
  2 gnoll sergeants
  A necrophage (D:5)
  6 scorpions
  4 wights (D:7)
  8 killer bees
  2 electric eels
  4 howler monkeys
  9 orc priests
  5 hounds
  Natasha (thrice) (D:3)
  An iguana (D:7)
  10 orc wizards
  A boggart skeleton (D:14)
  9 adders
  17 gnolls
  3 white imps
  An ufetubus (D:7)
  4 worms
  2 dart slugs
  46 orcs
  9 ball pythons
  5 endoplasms
  5 giant cockroaches
  20 goblins
  7 hobgoblins
  A jackal (D:2)
  11 quokkas
  3 bats
  2 frilled lizards
  21 kobolds
  8 rats
522 creatures vanquished.

Vanquished Creatures (collateral kills)
  2 hydras
  A death yak (Lair:4)
  Sonja (Lair:2)
  A cyclops (D:13)
  2 oklob plants (D:10)
  A black mamba (Lair:5)
  4 polar bears
  A blink frog (Lair:4)
  A wyvern (Lair:5)
  A spriggan (Lair:5)
  5 yaks (Lair:4)
  A boggart (Lair:5)
  A centaur (D:13)
22 creatures vanquished.

Vanquished Creatures (others)
  A butterfly (D:12)
  19 fungi
  26 plants
46 creatures vanquished.

Grand Total: 590 creatures vanquished

Notes
Turn   | Place    | Note
-------+----------+-------------------------------------------
     0 | D:1      | qw the Gargoyle Berserker began the quest for the Orb.
     0 | D:1      | Reached XP level 1. HP: 14/14 MP: 1/1
     0 | D:1      | 0 ||| qw: Version: 0.1-a-107-g9ff403c
     0 | D:1      | 0 ||| qw: Game counter: 6097
     0 | D:1      | 0 ||| qw: Always use a shield: true
     0 | D:1      | 0 ||| qw: Do Orc after D:15 true
     0 | D:1      | 0 ||| qw: Do second Lair branch before Depths: true
     0 | D:1      | 0 ||| qw: Lair rune preference: random
     0 | D:1      | 0 ||| qw: Plans: Normal
     0 | D:1      | 0 ||| PLANNING D:1-11
   131 | D:1      | Reached skill level 3 in Axes
   138 | D:1      | 138 ||| INVOKING Berserk.
   141 | D:1      | Reached XP level 2. HP: 10/19 MP: 2/2
   607 | D:1      | 607 ||| Stepping ~*~*~tactically~*~*~ (stealth).
   609 | D:1      | 609 ||| Stepping ~*~*~tactically~*~*~ (stealth).
   896 | D:1      | Found Ylucoann's Distillery.
   904 | D:1      | 904 ||| SHOPLISTING potion of cancellation (88 gold, have
                  | 36).
   904 | D:1      | 904 ||| BUYING potion of curing (33 gold).
   904 | D:1      | Bought a potion of curing for 33 gold pieces
   904 | D:1      | 904 ||| SHOPLISTING potion of heal wounds (55 gold, have
                  | 3).
   904 | D:1      | 904 ||| SHOPLISTING potion of might (44 gold, have 3).
  1180 | D:1      | Reached XP level 3. HP: 23/23 MP: 3/3
  1605 | D:1      | 1605 ||| UPGRADING to +0 chain mail.
  1615 | D:1      | 1615 ||| DROPPING +0 animal skin.
  1616 | D:1      | 1616 ||| UPGRADING to amulet of regeneration.
  1621 | D:1      | 1621 ||| READING scroll labelled FANTEK NOLUS.
  1622 | D:1      | 1622 ||| READING scroll labelled CERIUM HUENN.
  1623 | D:1      | 1623 ||| DRINKING 2 ruby potions.
  1668 | D:1      | 1668 ||| DRINKING 2 metallic yellow potions.
  1669 | D:1      | 1669 ||| DRINKING 2 golden potions.
  1670 | D:1      | 1670 ||| DROPPING potion of lignification.
  1671 | D:1      | 1671 ||| DROPPING potion of flight.
  1714 | D:2      | Reached skill level 4 in Axes
  1736 | D:2      | Reached ** piety under Trog
  1803 | D:2      | 1803 ||| Stepping ~*~*~tactically~*~*~ (stealth).
  1804 | D:2      | 1804 ||| Stepping ~*~*~tactically~*~*~ (stealth).
  1805 | D:2      | 1805 ||| Stepping ~*~*~tactically~*~*~ (stealth).
  1806 | D:2      | 1806 ||| Stepping ~*~*~tactically~*~*~ (stealth).
  1826 | D:2      | Reached XP level 4. HP: 28/28 MP: 4/4
  1884 | D:2      | 1884 ||| Stepping ~*~*~tactically~*~*~ (hiding).
  1915 | D:2      | Found a faded altar of an unknown god.
  1922 | D:2      | 1922 ||| Stepping ~*~*~tactically~*~*~ (hiding).
  1924 | D:2      | 1924 ||| Stepping ~*~*~tactically~*~*~ (hiding).
  1953 | D:2      | 1953 ||| Stepping ~*~*~tactically~*~*~ (stealth).
  2166 | D:2      | 2166 ||| DROPPING +0 mace.
  2609 | D:2      | 2609 ||| UPGRADING to +0 pair of gloves.
  2614 | D:2      | 2614 ||| UPGRADING to +2 hat.
  2619 | D:2      | 2619 ||| READING scroll labelled RIORAWUTHRE.
  2620 | D:2      | 2620 ||| READING 2 scrolls labelled JICVUS ECOK HAOGG.
  2624 | D:2      | 2624 ||| DRINKING 2 metallic pink potions.
  2624 | D:2      | Gained mutation: You sometimes lose your temper in combat.
                  | [potion of mutation]
  2624 | D:2      | Gained mutation: You have hidden genetic potential. [potion
                  | of mutation]
  2624 | D:2      | Gained mutation: You have large cloven feet. [potion of
                  | mutation]
  2625 | D:2      | 2625 ||| DRINKING potion of mutation.
  2625 | D:2      | Lost mutation: You sometimes lose your temper in combat.
                  | [potion of mutation]
  2625 | D:2      | Lost mutation: You have large cloven feet. [potion of
                  | mutation]
  2625 | D:2      | Lost mutation: You have hidden genetic potential. [potion
                  | of mutation]
  2625 | D:2      | Gained mutation: You do not regenerate when monsters are
                  | visible. [potion of mutation]
  2625 | D:2      | Gained mutation: You possess an exceptional clarity of
                  | mind. [potion of mutation]
  2655 | D:3      | Noticed a scorpion
  2662 | D:3      | 2662 ||| Stepping ~*~*~tactically~*~*~ (stealth).
  2683 | D:3      | 2683 ||| INVOKING Berserk.
  2686 | D:3      | Killed a scorpion
  2687 | D:3      | Reached skill level 5 in Axes
  2687 | D:3      | Reached XP level 5. HP: 25/32 MP: 5/5
  2698 | D:3      | 2698 ||| Stepping ~*~*~tactically~*~*~ (hiding).
  2699 | D:3      | 2699 ||| Stepping ~*~*~tactically~*~*~ (hiding).
  2732 | D:3      | 2732 ||| Stepping ~*~*~tactically~*~*~ (stealth).
  2734 | D:3      | 2734 ||| Stepping ~*~*~tactically~*~*~ (stealth).
  2891 | D:3      | Noticed Natasha
  2892 | D:3      | 2892 ||| Stepping ~*~*~tactically~*~*~ (hiding).
  2896 | D:3      | 2896 ||| INVOKING Berserk.
  2900 | D:3      | Killed Natasha
  2903 | D:3      | Noticed Natasha
  2904 | D:3      | 2904 ||| Stepping ~*~*~tactically~*~*~ (hiding).
  2911 | D:3      | Killed Natasha
  2912 | D:3      | Reached XP level 6. HP: 36/38 MP: 6/6
  3020 | D:3      | 3020 ||| DROPPING +1 whip of venom.
  3077 | D:3      | 3077 ||| INVOKING Berserk.
  3222 | D:3      | 3222 ||| DRINKING potion of mutation.
  3222 | D:3      | Lost mutation: You do not regenerate when monsters are
                  | visible. [potion of mutation]
  3222 | D:3      | Lost mutation: You possess an exceptional clarity of mind.
                  | [potion of mutation]
  3222 | D:3      | Gained mutation: Your magical capacity is low. (-10% MP)
                  | [potion of mutation]
  3222 | D:3      | Gained mutation: You are weak. (Str -2) [potion of
                  | mutation]
  3222 | D:3      | Lost mutation: You are weak. (Str -2) [potion of mutation]
  3313 | D:3      | 3313 ||| Stepping ~*~*~tactically~*~*~ (stealth).
  3321 | D:3      | 3321 ||| Stepping ~*~*~tactically~*~*~ (stealth).
  3338 | D:3      | Noticed Natasha
  3339 | D:3      | 3339 ||| Stepping ~*~*~tactically~*~*~ (stealth).
  3343 | D:3      | 3343 ||| Stepping ~*~*~tactically~*~*~ (hiding).
  3345 | D:3      | 3345 ||| Stepping ~*~*~tactically~*~*~ (hiding).
  3348 | D:3      | 3348 ||| INVOKING Berserk.
  3351 | D:3      | Killed Natasha
  3352 | D:3      | Reached skill level 6 in Axes
  3616 | D:3      | 3616 ||| Stepping ~*~*~tactically~*~*~ (stealth).
  3779 | D:3      | 3779 ||| UPGRADING to +0 plate armour.
  3789 | D:3      | 3789 ||| DROPPING +0 chain mail.
  3790 | D:3      | 3790 ||| UPGRADING to +6 ring of dexterity.
  3791 | D:3      | 3791 ||| READING scroll labelled TUSYAXZUESHU.
  3792 | D:3      | 3792 ||| READING 2 scrolls labelled EQAOTIU AKKI.
  3793 | D:3      | 3793 ||| DRINKING 2 red potions.
  3794 | D:3      | 3794 ||| READING 3 scrolls of identify.
  3794 | D:3      | 3794 ||| IDENTIFYING fizzy puce potion
  3795 | D:3      | 3795 ||| READING 2 scrolls of identify.
  3795 | D:3      | 3795 ||| IDENTIFYING sedimented silvery potion
  3796 | D:3      | 3796 ||| DROPPING potion of brilliance.
  3797 | D:3      | 3797 ||| DROPPING potion of ambrosia.
  3798 | D:3      | 3798 ||| DROPPING potion of attraction.
  3799 | D:3      | 3799 ||| DROPPING scroll of butterflies.
  3826 | D:4      | 3826 ||| STAIRDANCE
  3834 | D:4      | Reached *** piety under Trog
  3889 | D:4      | Found an iron altar of Okawaru.
  3992 | D:4      | 3992 ||| INVOKING Berserk.
  3996 | D:4      | Reached skill level 3 in Armour
  4233 | D:4      | Reached XP level 7. HP: 40/43 MP: 6/6
  4267 | D:4      | 4267 ||| INVOKING Berserk.
  4387 | D:4      | 4387 ||| INVOKING Berserk.
  4391 | D:4      | Reached skill level 7 in Axes
  4587 | D:4      | 4587 ||| DROPPING +0 morningstar.
  4860 | D:4      | 4860 ||| UPGRADING to scarf of resistance.
  4865 | D:4      | 4865 ||| READING scroll labelled UTSIBA BILEALE.
  4866 | D:4      | 4866 ||| READING scroll labelled RATORE GEXZAO.
  4867 | D:4      | 4867 ||| READING scroll labelled IXTOALI HEYV.
  4896 | D:5      | Entered Level 5 of the Dungeon
  4969 | D:5      | Found a staircase to the Ecumenical Temple.
  4991 | D:5      | Noticed Sigmund
  4996 | D:5      | 4996 ||| INVOKING Berserk.
  5002 | D:5      | 5002 ||| DRINKING 2 potions of curing.
  5002 | D:5      | 5002 ||| (to cure confusion)
  5010 | D:5      | Killed Sigmund
  5011 | D:5      | Reached XP level 8. HP: 49/49 MP: 7/7
  5224 | D:5      | 5224 ||| Stepping ~*~*~tactically~*~*~ (hiding).
  5227 | D:5      | 5227 ||| Stepping ~*~*~tactically~*~*~ (hiding).
  5392 | D:5      | Noticed Prince Ribbit
  5395 | D:5      | 5395 ||| INVOKING Berserk.
  5403 | D:5      | Killed Prince Ribbit
  5584 | D:5      | Reached skill level 8 in Axes
  5619 | D:5      | 5619 ||| READING scroll of enchant armour.
  5619 | D:5      | 5619 ||| ENCHANTING +0 pair of gloves.
  5789 | D:5      | 5789 ||| READING 2 scrolls labelled XUICETS TAZI.
  5790 | D:5      | 5790 ||| READING 4 scrolls of identify.
  5790 | D:5      | 5790 ||| IDENTIFYING yellow potion
  5791 | D:5      | 5791 ||| READING 3 scrolls of identify.
  5791 | D:5      | 5791 ||| IDENTIFYING orange potion
  5792 | D:5      | 5792 ||| DROPPING scroll of amnesia.
  5793 | D:5      | 5793 ||| DROPPING potion of invisibility.
  5932 | D:4      | Found a blossoming altar of Fedhas.
  5978 | D:6      | Reached skill level 6 in Fighting
  6148 | D:6      | Found a sparkling altar of Nemelex Xobeh.
  6149 | D:6      | 6149 ||| Stepping ~*~*~tactically~*~*~ (stealth).
  6151 | D:6      | 6151 ||| Stepping ~*~*~tactically~*~*~ (stealth).
  6163 | D:6      | 6163 ||| Stepping ~*~*~tactically~*~*~ (stealth).
  6164 | D:6      | 6164 ||| Stepping ~*~*~tactically~*~*~ (stealth).
  6194 | D:6      | 6194 ||| READING scroll of enchant armour.
  6194 | D:6      | 6194 ||| ENCHANTING +1 pair of gloves.
  6218 | D:6      | 6218 ||| INVOKING Berserk.
  6341 | D:6      | 6341 ||| Stepping ~*~*~tactically~*~*~ (hiding).
  6342 | D:6      | 6342 ||| Stepping ~*~*~tactically~*~*~ (hiding).
  6354 | D:6      | Reached XP level 9. HP: 55/55 MP: 8/8
  6392 | D:6      | Noticed a boulder beetle
  6396 | D:6      | 6396 ||| INVOKING Berserk.
  6431 | D:6      | HP: 13/55 [boulder beetle (31)]
  6432 | D:6      | 6432 ||| READING 2 scrolls of teleportation.
  6432 | D:6      | HP: 5/55 [boulder beetle (9)]
  6433 | D:6      | 6433 ||| DRINKING 3 potions of heal wounds.
  6466 | D:6      | 6466 ||| INVOKING Berserk.
  6471 | D:6      | Reached skill level 9 in Axes
  6557 | D:6      | 6557 ||| INVOKING Berserk.
  6574 | D:6      | HP: 6/55 [boulder beetle (14)]
  6575 | D:6      | 6575 ||| READING scroll of teleportation.
  6576 | D:6      | 6576 ||| DRINKING 2 potions of heal wounds.
  6718 | D:6      | 6718 ||| Stepping ~*~*~tactically~*~*~ (stealth).
  6723 | D:6      | 6723 ||| INVOKING Berserk.
  6749 | D:6      | HP: 12/55 [boulder beetle (14)]
  6750 | D:6      | 6750 ||| DRINKING potion of heal wounds.
  6782 | D:6      | 6782 ||| INVOKING Berserk.
  6798 | D:6      | Killed a boulder beetle
  7040 | D:6      | 7040 ||| READING scroll labelled DOSTUA UCKOU.
  7041 | D:6      | 7041 ||| READING 3 scrolls of identify.
  7041 | D:6      | 7041 ||| IDENTIFYING cyan potion
  7105 | D:7      | 7105 ||| INVOKING Berserk.
  7107 | D:7      | Reached skill level 6 in Armour
  7109 | D:7      | Reached **** piety under Trog
  7116 | D:7      | HP: 22/88 [gnoll sergeant/+0 spear (9)]
  7297 | D:7      | 7297 ||| Stepping ~*~*~tactically~*~*~ (stealth).
  7310 | D:7      | 7310 ||| Stepping ~*~*~tactically~*~*~ (stealth).
  7312 | D:7      | 7312 ||| Stepping ~*~*~tactically~*~*~ (stealth).
  7326 | D:7      | 7326 ||| Stepping ~*~*~tactically~*~*~ (stealth).
  7328 | D:7      | 7328 ||| Stepping ~*~*~tactically~*~*~ (stealth).
  7334 | D:7      | Found a burning altar of Makhleb.
  7364 | D:7      | 7364 ||| Stepping ~*~*~tactically~*~*~ (stealth).
  7368 | D:7      | 7368 ||| Stepping ~*~*~tactically~*~*~ (stealth).
  7370 | D:7      | 7370 ||| Stepping ~*~*~tactically~*~*~ (stealth).
  7377 | D:7      | Reached skill level 1 in Throwing
  7383 | D:7      | 7383 ||| Stepping ~*~*~tactically~*~*~ (stealth).
  7386 | D:7      | 7386 ||| Stepping ~*~*~tactically~*~*~ (hiding).
  7389 | D:7      | 7389 ||| INVOKING Berserk.
  7407 | D:7      | Reached skill level 10 in Axes
  7531 | D:7      | Reached XP level 10. HP: 64/64 MP: 9/9
  7797 | D:7      | 7797 ||| Stepping ~*~*~tactically~*~*~ (stealth).
  8010 | D:7      | 8010 ||| UPGRADING to +0 kite shield.
  8015 | D:7      | 8015 ||| READING 2 scrolls of identify.
  8015 | D:7      | 8015 ||| IDENTIFYING fizzy clear potion
  8016 | D:7      | 8016 ||| DROPPING potion of magic.
  8219 | D:8      | Noticed Joseph
  8260 | D:8      | Killed Joseph
  8356 | D:8      | Noticed Maggie
  8357 | D:8      | 8357 ||| Stepping ~*~*~tactically~*~*~ (hiding).
  8359 | D:8      | 8359 ||| Stepping ~*~*~tactically~*~*~ (hiding).
  8361 | D:8      | 8361 ||| Stepping ~*~*~tactically~*~*~ (hiding).
  8389 | D:8      | Killed Maggie
  8390 | D:8      | Reached skill level 3 in Shields
  8419 | D:8      | 8419 ||| SWAPPING to +0 broad axe.
  8420 | D:8      | 8420 ||| DROPPING +1 hand axe.
  8683 | D:8      | Found an ancient bone altar of Kikubaaqudgha.
  8877 | D:8      | Found a shimmering altar of Xom.
  8901 | D:8      | Found a runed translucent door.
  8902 | D:8      | Noticed qw's ghost (novice FoCA)
  8937 | D:8      | 8937 ||| READING scroll labelled FIUFUUHIJU.
  8938 | D:8      | 8938 ||| READING scroll labelled TISHYTHRYXT.
  8988 | D:9      | Found a hide-covered altar of Uskayaw.
  9001 | D:9      | 9001 ||| Stepping ~*~*~tactically~*~*~ (stealth).
  9002 | D:9      | 9002 ||| Stepping ~*~*~tactically~*~*~ (stealth).
  9004 | D:9      | 9004 ||| Stepping ~*~*~tactically~*~*~ (stealth).
  9026 | D:9      | Reached skill level 6 in Shields
  9067 | D:9      | 9067 ||| Stepping ~*~*~tactically~*~*~ (hiding).
  9113 | D:9      | Found a glowing golden altar of the Shining One.
  9156 | D:9      | 9156 ||| Stepping ~*~*~tactically~*~*~ (hiding).
  9159 | D:9      | 9159 ||| INVOKING Berserk.
  9168 | D:9      | Reached ***** piety under Trog
  9170 | D:9      | Found a transporter.
  9315 | D:9      | 9315 ||| Stepping ~*~*~tactically~*~*~ (hiding).
  9428 | D:9      | Noticed a kobold demonologist
  9438 | D:9      | Noticed a rust devil
  9444 | D:9      | Killed a kobold demonologist
  9665 | D:9      | Found a transporter.
  9733 | D:9      | Noticed a gargoyle
  9755 | D:9      | Killed a gargoyle
  9807 | D:9      | Reached skill level 9 in Shields
  9807 | D:9      | Reached XP level 11. HP: 68/68 MP: 9/9
  9825 | D:9      | Found a transporter.
  9839 | D:9      | Found a transporter.
  9866 | D:9      | 9866 ||| UPGRADING to ring of resist corrosion.
  9867 | D:9      | 9867 ||| UPGRADING to ring of see invisible.
  9869 | D:9      | 9869 ||| UPGRADING to +6 ring of dexterity.
  9871 | D:9      | 9871 ||| READING 3 scrolls of identify.
  9871 | D:9      | 9871 ||| IDENTIFYING emerald potion
  9883 | D:10     | Entered Level 10 of the Dungeon
  9883 | D:10     | Noticed Fannar
  9884 | D:10     | 9884 ||| STAIRDANCE
  9914 | D:9      | Killed Fannar
  9915 | D:9      | Reached skill level 11 in Axes
  9941 | D:10     | 9941 ||| STAIRDANCE
 10148 | D:10     | Noticed Harold
 10150 | D:10     | 10150 ||| INVOKING Berserk.
 10160 | D:10     | Killed Harold
 10291 | D:10     | Noticed an oklob plant
 10292 | D:10     | 10292 ||| INVOKING Brothers in Arms.
 10294 | D:10     | Found a staircase to the Lair.
 10298 | D:10     | 10298 ||| INVOKING Berserk.
 10299 | D:10     | Noticed an oklob plant
 10301 | D:10     | Killed an oklob plant
 10307 | D:10     | Killed an oklob plant
 10343 | D:10     | 10343 ||| FLEEEEING.
 10410 | D:10     | 10410 ||| READING scroll of enchant armour.
 10410 | D:10     | 10410 ||| ENCHANTING +0 plate armour.
 10421 | D:10     | 10421 ||| INVOKING Berserk.
 10477 | D:10     | 10477 ||| Stepping ~*~*~tactically~*~*~ (stealth).
 10548 | D:10     | 10548 ||| Stepping ~*~*~tactically~*~*~ (hiding).
 10723 | D:10     | 10723 ||| INVOKING Berserk.
 10745 | D:10     | 10745 ||| INVOKING Brothers in Arms.
 10761 | D:10     | Reached skill level 9 in Fighting
 10761 | D:10     | HP: 16/71 [orc priest/divine providence (10)]
 10762 | D:10     | 10762 ||| DRINKING potion of heal wounds.
 10763 | D:10     | 10763 ||| INVOKING Brothers in Arms.
 10829 | D:10     | 10829 ||| INVOKING Berserk.
 10955 | D:10     | Found a staircase to the Orcish Mines.
 11124 | D:10     | 11124 ||| PLANNING LAIR
 11161 | Lair:1   | Entered Level 1 of the Lair of Beasts
 11161 | Lair:1   | Noticed Amaemon
 11162 | Lair:1   | 11162 ||| Stepping ~*~*~tactically~*~*~ (hiding).
 11166 | Lair:1   | 11166 ||| INVOKING Berserk.
 11178 | Lair:1   | Killed Amaemon
 11285 | Lair:1   | 11285 ||| DROPPING +0 morningstar of protection.
 11326 | Lair:1   | 11326 ||| Stepping ~*~*~tactically~*~*~ (stealth).
 11341 | Lair:1   | 11341 ||| Stepping ~*~*~tactically~*~*~ (stealth).
 11342 | Lair:1   | 11342 ||| Stepping ~*~*~tactically~*~*~ (stealth).
 11368 | Lair:1   | Reached skill level 12 in Axes
 11400 | Lair:1   | 11400 ||| INVOKING Berserk.
 11527 | Lair:1   | 11527 ||| INVOKING Berserk.
 11540 | Lair:1   | Reached skill level 3 in Dodging
 11653 | Lair:1   | 11653 ||| INVOKING Berserk.
 11664 | Lair:1   | Reached XP level 12. HP: 76/76 MP: 10/10
 11789 | Lair:1   | Identified the +9 short sword "Siap" {vorpal, rCorr}
 11881 | Lair:1   | 11881 ||| Stepping ~*~*~tactically~*~*~ (stealth).
 11882 | Lair:1   | 11882 ||| Stepping ~*~*~tactically~*~*~ (stealth).
 11884 | Lair:1   | 11884 ||| INVOKING Berserk.
 12068 | Lair:1   | Noticed Gastronok
 12073 | Lair:1   | 12073 ||| Stepping ~*~*~tactically~*~*~ (hiding).
 12074 | Lair:1   | 12074 ||| INVOKING Berserk.
 12075 | Lair:1   | Found a glowing golden altar of the Shining One.
 12084 | Lair:1   | Killed Gastronok
 12573 | Lair:1   | 12573 ||| READING scroll labelled TUIRICS QEITT.
 12574 | Lair:1   | 12574 ||| DRINKING 2 puce potions.
 12575 | Lair:1   | 12575 ||| DROPPING potion of degeneration.
 12594 | Lair:2   | 12594 ||| PLANNING GAUNTLET
 12628 | Lair:2   | 12628 ||| INVOKING Berserk.
 12632 | Lair:2   | Noticed a boulder beetle
 12641 | Lair:2   | Noticed Sonja
 12648 | Lair:2   | 12648 ||| INVOKING Brothers in Arms.
 12656 | Lair:2   | 12656 ||| INVOKING Brothers in Arms.
 12657 | Lair:2   | 12657 ||| INVOKING Brothers in Arms.
 12660 | Lair:2   | Killed Sonja
 12661 | Lair:2   | Killed a boulder beetle
 12829 | Lair:2   | 12829 ||| INVOKING Berserk.
 12851 | Lair:2   | Reached skill level 13 in Axes
 13038 | Lair:2   | 13038 ||| Stepping ~*~*~tactically~*~*~ (stealth).
 13088 | Lair:2   | 13088 ||| RIP GAUNTLET
 13123 | Lair:2   | 13123 ||| PLANNING LAIR
 13141 | Lair:2   | Found a hole to the Spider Nest.
 13142 | Lair:2   | 13142 ||| Stepping ~*~*~tactically~*~*~ (stealth).
 13143 | Lair:2   | 13143 ||| Stepping ~*~*~tactically~*~*~ (stealth).
 13170 | Lair:2   | 13170 ||| FLEEEEING.
 13177 | Lair:2   | 13177 ||| STAIRDANCE
 13190 | Lair:1   | 13190 ||| DROPPING +6 ring of intelligence.
 13197 | Lair:2   | 13197 ||| Stepping ~*~*~tactically~*~*~ (water).
 13609 | Lair:3   | Reached skill level 9 in Armour
 13675 | Lair:3   | 13675 ||| FLEEEEING.
 13676 | Lair:3   | 13676 ||| FLEEEEING.
 13677 | Lair:3   | 13677 ||| FLEEEEING.
 13678 | Lair:3   | 13678 ||| FLEEEEING.
 13682 | Lair:3   | 13682 ||| FLEEEEING.
 13684 | Lair:3   | 13684 ||| FLEEEEING.
 13685 | Lair:3   | 13685 ||| FLEEEEING.
 13686 | Lair:3   | 13686 ||| FLEEEEING.
 13687 | Lair:3   | 13687 ||| FLEEEEING.
 13688 | Lair:3   | 13688 ||| FLEEEEING.
 13689 | Lair:3   | 13689 ||| INVOKING Berserk.
 13698 | Lair:3   | 13698 ||| STAIRDANCE
 13915 | Lair:3   | Found a staircase to the Shoals.
 13931 | Lair:3   | 13931 ||| INVOKING Berserk.
 14141 | Lair:3   | Reached XP level 13. HP: 82/82 MP: 11/11
 14776 | Lair:4   | Noticed Snorg
 14777 | Lair:4   | 14777 ||| INVOKING Brothers in Arms.
 14779 | Lair:4   | 14779 ||| INVOKING Berserk.
 14780 | Lair:4   | Killed Snorg
 14790 | Lair:4   | 14790 ||| INVOKING Brothers in Arms.
 14794 | Lair:4   | Reached skill level 14 in Axes
 14882 | Lair:4   | 14882 ||| Stepping ~*~*~tactically~*~*~ (stealth).
 14883 | Lair:4   | 14883 ||| Stepping ~*~*~tactically~*~*~ (stealth).
 14885 | Lair:4   | 14885 ||| INVOKING Berserk.
 14941 | Lair:4   | Reached skill level 12 in Shields
 15001 | Lair:4   | 15001 ||| INVOKING Berserk.
 15016 | Lair:4   | 15016 ||| INVOKING Brothers in Arms.
 15060 | Lair:4   | 15060 ||| INVOKING Berserk.
 15183 | Lair:4   | You fall into a shaft and drop 1 floor!
 15183 | Lair:5   | Entered Level 5 of the Lair of Beasts
 15246 | Lair:5   | 15246 ||| INVOKING Berserk.
 15378 | Lair:4   | 15378 ||| Stepping ~*~*~tactically~*~*~ (hiding).
 15432 | Lair:4   | 15432 ||| Stepping ~*~*~tactically~*~*~ (stealth).
 15433 | Lair:4   | 15433 ||| Stepping ~*~*~tactically~*~*~ (stealth).
 15437 | Lair:4   | 15437 ||| Stepping ~*~*~tactically~*~*~ (stealth).
 15439 | Lair:4   | 15439 ||| Stepping ~*~*~tactically~*~*~ (stealth).
 15442 | Lair:4   | 15442 ||| Stepping ~*~*~tactically~*~*~ (stealth).
 15459 | Lair:4   | 15459 ||| INVOKING Berserk.
 15605 | Lair:4   | 15605 ||| Stepping ~*~*~tactically~*~*~ (stealth).
 15614 | Lair:4   | 15614 ||| Stepping ~*~*~tactically~*~*~ (stealth).
 15615 | Lair:4   | 15615 ||| Stepping ~*~*~tactically~*~*~ (stealth).
 15666 | Lair:4   | 15666 ||| Stepping ~*~*~tactically~*~*~ (hiding).
 15760 | Lair:4   | 15760 ||| Stepping ~*~*~tactically~*~*~ (stealth).
 15762 | Lair:4   | 15762 ||| INVOKING Berserk.
 15849 | Lair:4   | 15849 ||| Stepping ~*~*~tactically~*~*~ (stealth).
 15850 | Lair:4   | 15850 ||| INVOKING Berserk.
 16117 | Lair:4   | Reached skill level 15 in Axes
 16143 | Lair:4   | 16143 ||| Stepping ~*~*~tactically~*~*~ (stealth).
 16146 | Lair:4   | 16146 ||| Stepping ~*~*~tactically~*~*~ (stealth).
 16147 | Lair:4   | 16147 ||| Stepping ~*~*~tactically~*~*~ (stealth).
 16151 | Lair:4   | 16151 ||| Stepping ~*~*~tactically~*~*~ (stealth).
 16161 | Lair:4   | 16161 ||| Stepping ~*~*~tactically~*~*~ (stealth).
 16162 | Lair:4   | 16162 ||| Stepping ~*~*~tactically~*~*~ (stealth).
 16200 | Lair:4   | Found a staircase to the Slime Pits.
 16388 | Lair:4   | 16388 ||| DROPPING amulet of guardian spirit.
 16425 | Lair:5   | 16425 ||| INVOKING Berserk.
 16725 | Lair:5   | 16725 ||| INVOKING Berserk.
 16743 | Lair:5   | Gained mutation: Your large and strong wings let you fly.
                  | [Gargoyle growth]
 16743 | Lair:5   | Reached XP level 14. HP: 90/90 MP: 12/12
 16792 | Lair:5   | 16792 ||| INVOKING Berserk.
 16818 | Lair:5   | 16818 ||| Stepping ~*~*~tactically~*~*~ (stealth).
 16819 | Lair:5   | 16819 ||| Stepping ~*~*~tactically~*~*~ (stealth).
 16823 | Lair:5   | 16823 ||| Stepping ~*~*~tactically~*~*~ (stealth).
 16968 | Lair:5   | 16968 ||| INVOKING Brothers in Arms.
 16969 | Lair:5   | 16969 ||| INVOKING Brothers in Arms.
 16970 | Lair:5   | 16970 ||| INVOKING Brothers in Arms.
 16971 | Lair:5   | 16971 ||| SWAPPING to +0 demon whip of venom.
 16972 | Lair:5   | 16972 ||| INVOKING Berserk.
 16988 | Lair:5   | 16988 ||| SWAPPING to +0 broad axe.
 17080 | Lair:5   | 17080 ||| INVOKING Brothers in Arms.
 17081 | Lair:5   | 17081 ||| INVOKING Brothers in Arms.
 17082 | Lair:5   | 17082 ||| INVOKING Brothers in Arms.
 17084 | Lair:5   | 17084 ||| SWAPPING to +0 demon whip of venom.
 17086 | Lair:5   | 17086 ||| INVOKING Berserk.
 17095 | Lair:5   | 17095 ||| SWAPPING to +0 broad axe.
 17243 | Lair:5   | 17243 ||| Stepping ~*~*~tactically~*~*~ (hiding).
 17254 | Lair:5   | Reached skill level 12 in Fighting
 17343 | Lair:5   | 17343 ||| Stepping ~*~*~tactically~*~*~ (stealth).
 17383 | Lair:5   | 17383 ||| Stepping ~*~*~tactically~*~*~ (hiding).
 17386 | Lair:5   | 17386 ||| INVOKING Berserk.
 17428 | Lair:5   | 17428 ||| INVOKING Brothers in Arms.
 17433 | Lair:5   | 17433 ||| SWAPPING to +0 demon whip of venom.
 17443 | Lair:5   | 17443 ||| SWAPPING to +0 broad axe.
 17484 | Lair:5   | 17484 ||| INVOKING Berserk.
 17552 | Lair:5   | 17552 ||| Stepping ~*~*~tactically~*~*~ (stealth).
 17630 | Lair:5   | 17630 ||| Stepping ~*~*~tactically~*~*~ (stealth).
 17640 | Lair:5   | 17640 ||| INVOKING Berserk.
 17698 | Lair:5   | 17698 ||| Stepping ~*~*~tactically~*~*~ (stealth).
 17702 | Lair:5   | 17702 ||| INVOKING Berserk.
 17948 | Lair:5   | 17948 ||| INVOKING Brothers in Arms.
 17949 | Lair:5   | 17949 ||| INVOKING Brothers in Arms.
 17950 | Lair:5   | 17950 ||| INVOKING Brothers in Arms.
 17951 | Lair:5   | 17951 ||| INVOKING Brothers in Arms.
 17952 | Lair:5   | 17952 ||| INVOKING Brothers in Arms.
 17953 | Lair:5   | 17953 ||| INVOKING Brothers in Arms.
 17954 | Lair:5   | 17954 ||| INVOKING Brothers in Arms.
 17955 | Lair:5   | 17955 ||| INVOKING Brothers in Arms.
 17956 | Lair:5   | 17956 ||| SWAPPING to +0 demon whip of venom.
 17957 | Lair:5   | 17957 ||| INVOKING Berserk.
 17986 | Lair:5   | 17986 ||| SWAPPING to +0 broad axe.
 18336 | Lair:5   | 18336 ||| PLANNING D:1-11
 18511 | D:11     | 18511 ||| READING scroll of enchant armour.
 18511 | D:11     | 18511 ||| ENCHANTING +1 plate armour.
 18606 | D:11     | Reached skill level 16 in Axes
 18810 | D:11     | 18810 ||| FLEEEEING.
 18811 | D:11     | 18811 ||| FLEEEEING.
 18812 | D:11     | 18812 ||| FLEEEEING.
 18813 | D:11     | 18813 ||| FLEEEEING.
 18814 | D:11     | 18814 ||| FLEEEEING.
 18815 | D:11     | 18815 ||| FLEEEEING.
 18816 | D:11     | 18816 ||| FLEEEEING.
 18817 | D:11     | 18817 ||| FLEEEEING.
 18818 | D:11     | 18818 ||| FLEEEEING.
 18832 | D:11     | 18832 ||| FLEEEEING.
 18833 | D:11     | 18833 ||| FLEEEEING.
 18836 | D:11     | 18836 ||| STAIRDANCE
 18853 | D:10     | 18853 ||| UPGRADING to +6 ring of strength.
 18855 | D:10     | 18855 ||| DROPPING ring of resist corrosion.
 18865 | D:11     | 18865 ||| STAIRDANCE
 19168 | D:11     | 19168 ||| PLANNING D
 19195 | D:12     | 19195 ||| FLEEEEING.
 19196 | D:12     | 19196 ||| FLEEEEING.
 19197 | D:12     | 19197 ||| FLEEEEING.
 19198 | D:12     | 19198 ||| STAIRDANCE
 19302 | D:12     | 19302 ||| Stepping ~*~*~tactically~*~*~ (hiding).
 19309 | D:12     | 19309 ||| Stepping ~*~*~tactically~*~*~ (hiding).
 19310 | D:12     | 19310 ||| Stepping ~*~*~tactically~*~*~ (hiding).
 19311 | D:12     | 19311 ||| Stepping ~*~*~tactically~*~*~ (hiding).
 19380 | D:12     | 19380 ||| Stepping ~*~*~tactically~*~*~ (hiding).
 19451 | D:12     | Found a white marble altar of Elyvilon.
 19500 | D:12     | 19500 ||| Stepping ~*~*~tactically~*~*~ (stealth).
 19540 | D:12     | 19540 ||| READING scroll of enchant armour.
 19540 | D:12     | 19540 ||| ENCHANTING +2 plate armour.
 19610 | D:12     | 19610 ||| Stepping ~*~*~tactically~*~*~ (stealth).
 19960 | D:12     | 19960 ||| DROPPING scarf of invisibility.
 19986 | D:13     | 19986 ||| INVOKING Brothers in Arms.
 19991 | D:13     | 19991 ||| SWAPPING to +0 demon whip of venom.
 19992 | D:13     | 19992 ||| INVOKING Berserk.
 20006 | D:13     | 20006 ||| SWAPPING to +0 broad axe.
 20109 | D:13     | Found Duho Viuryl's Vocational Training.
 20368 | D:13     | 20368 ||| Stepping ~*~*~tactically~*~*~ (hiding).
 20369 | D:13     | 20369 ||| Stepping ~*~*~tactically~*~*~ (hiding).
 20454 | D:13     | 20454 ||| Stepping ~*~*~tactically~*~*~ (stealth).
 20455 | D:13     | 20455 ||| Stepping ~*~*~tactically~*~*~ (stealth).
 20457 | D:13     | 20457 ||| Stepping ~*~*~tactically~*~*~ (stealth).
 20594 | D:13     | 20594 ||| Stepping ~*~*~tactically~*~*~ (stealth).
 20669 | D:13     | 20669 ||| Stepping ~*~*~tactically~*~*~ (stealth).
 20690 | D:13     | 20690 ||| Stepping ~*~*~tactically~*~*~ (hiding).
 20840 | D:13     | 20840 ||| INVOKING Brothers in Arms.
 20841 | D:13     | 20841 ||| SWAPPING to +0 demon whip of venom.
 20842 | D:13     | 20842 ||| INVOKING Berserk.
 20845 | D:13     | Reached skill level 3 in Throwing
 20849 | D:13     | 20849 ||| SWAPPING to +0 broad axe.
 21160 | D:14     | 21160 ||| INVOKING Berserk.
 21178 | D:14     | 21178 ||| STAIRDANCE
 21287 | D:14     | 21287 ||| INVOKING Berserk.
 21447 | D:14     | 21447 ||| INVOKING Berserk.
 21458 | D:14     | Reached XP level 15. HP: 96/96 MP: 13/13
 21582 | D:14     | 21582 ||| Stepping ~*~*~tactically~*~*~ (hiding).
 21583 | D:14     | 21583 ||| Stepping ~*~*~tactically~*~*~ (hiding).
 21590 | D:14     | 21590 ||| INVOKING Berserk.
 21615 | D:14     | 21615 ||| Stepping ~*~*~tactically~*~*~ (hiding).
 21710 | D:14     | Found a gate to the Vaults.
 21763 | D:14     | Noticed Frances
 21766 | D:14     | 21766 ||| INVOKING Berserk.
 21777 | D:14     | Killed Frances
 21781 | D:14     | Reached skill level 6 in Throwing
 21803 | D:14     | HP: 2/96 [two-headed ogre/+0 giant club (25)]
 21803 | D:14     | Mangled by a two-headed ogre

Levels and vault maps discovered:
D:1:      erik_arrival_cave_to_civilisation [erik_arrival_cave_to_hall],
          layout_basic, serial_shops, nicolae_shop_hallway_stairs, minivault_25,
          serial_park_tiny_pond
D:2:      layout_basic, ebering_ecumenical_altar_webs, serial_forest,
          infiniplex_forest_straight_2, infiniplex_forest_lined_2,
          infiniplex_forest_clump_double, infiniplex_forest_clump_long,
          infiniplex_forest_straight_2, infiniplex_forest_lined_2,
          infiniplex_forest_clump_double, infiniplex_forest_join,
          minmay_small_reverse_x
D:3:      layout_basic, minmay_quadrilaterals, uniq_natasha
D:4:      layout_gridville, amcnicky_altar_gilded,
          nicolae_overflow_hidden_temple
D:5:      layout_basic, minmay_temple_entry_mini_moons, uniq_prince_ribbit1,
          uniq_sigmund
D:6:      layout_cave_pools, mainiacjoe_overflow_concentric_impassable,
          st_stairs_2, grunt_ministairs_15, minmay_microvault
D:7:      layout_basic, mainiacjoe_overflow_surrounded_room,
          lightli_bailey_entry_fortress, lemuel_flame_loot_1
D:8:      layout_cave_pods, lemuel_round_altar, lemuel_coloured_pillars_altar,
          ebering_ghost_reflecting_pool, hangedman_decor_push,
          minmay_misc_feat_iff, uniq_joseph, uniq_maggie
D:9:      layout_rooms, mainiacjoe_overflow_catch_the_wave, serial_curves,
          eino_curves_01, eino_curves_03, nicolae_transporter_circle
D:10:     layout_basic, dpeg_oklobed_lair, david_orc_4, uniq_harold, uniq_fannar
D:11:     layout_irregular_city
D:12:     layout_basic, minmay_misc_feat_more_columns,
          nicolae_elyvilon_peaceful_grove
D:13:     layout_basic, chequers_serial_rivers_small_b, nicolae_shop_vocational
D:14:     layout_cave_pools, hangedman_vaults_entry_quadrant_bands,
          hangedman_decor_lopped, serial_shops,
          nicolae_shop_bloodbath_and_beyond, uniq_frances
Lair:1:   layout_loops_ring, basic_altar, serial_bayou_shore_a, uniq_amaemon,
          uniq_gastronok
Lair:2:   layout_roguey, spider_nest_entry_a, gauntlet_entry_generic,
          infiniplex_staircase_pool, grunt_megastairs_5, uniq_sonja
Lair:3:   layout_cave_pods, minmay_shoals_entry_hut, lemuel_fruit_tree
Lair:4:   layout_cave_shapes, dpeg_slime_entry_corner, beast_lair_carwin_7,
          grunt_megastairs_4, uniq_snorg
Lair:5:   minmay_lair_end_enchanted_forest, layout_layer_cave,
          grunt_megastairs_3

Skill      XL: |  1  2  3  4  5  6  7  8  9 10 11 12 13 14 15 |
---------------+----------------------------------------------+-----
Axes           | 3 4 5 6 7 8 10 12 13 15 16 | 16.4
Fighting       | 4 5 6 8 9 10 11 12 | 12.0
Armour         | 3 4 5 6 7 9 10 | 10.0
Dodging        | 2 3 4 |  4.0
Throwing       | 1 2 4 6 |  6.9
Shields        | 9 10 11 12 13 | 13.0

Action                   |  1- 3 |  4- 6 |  7- 9 | 10-12 | 13-15 || total
-------------------------+-------+-------+-------+-------+-------++-------
Melee: Hand axe          |   104 |   216 |   380 |   103 |       ||   803
       Punch             |     1 |       |     8 |       |       ||     9
       Broad axe         |       |       |       |   603 |   905 ||  1508
       Demon whip        |       |       |       |       |    33 ||    33
Throw: Boomerang         |       |     6 |     9 |    76 |   119 ||   210
       Javelin           |       |       |       |       |     9 ||     9
Invok: Berserk           |     1 |     5 |    12 |    16 |    25 ||    59
       Brothers in Arms  |       |       |       |     5 |     9 ||    14
  Use: Potion            |     3 |     4 |     4 |     2 |       ||    13
       Scroll            |     2 |     6 |    12 |     6 |     2 ||    28
 Stab: Distracted        |     1 |       |       |       |     3 ||     4
Armor: Animal skin       |    27 |       |       |       |       ||    27
       Chain mail        |    14 |   109 |       |       |       ||   123
       Plate armour      |       |    11 |   247 |   437 |   542 ||  1237
Dodge: Dodged            |    46 |    83 |    99 |   167 |   247 ||   642
Block: Kite shield       |       |       |       |   351 |   542 ||   893

Table legend:
 A = Non-vault XP
 B = Vault XP
 C = Vault XP percentage of total XP
 D = Non-vault monster count
 E = Vault monster count
 F = Vault count percentage of total count
                 A         B        C        D         E       F
            +---------+---------+-------+---------+---------+-------
      Total |   64682 |   33708 |  34.3 |     400 |     144 |  26.5
            +---------+---------+-------+---------+---------+-------
        D:1 |      40 |       3 |   7.0 |      24 |       2 |   7.7
        D:2 |      90 |       6 |   6.2 |      19 |       4 |  17.4
        D:3 |     267 |      39 |  12.7 |      31 |       3 |   8.8
        D:4 |     493 |       0 |   0.0 |      17 |       0 |   0.0
        D:5 |     336 |     482 |  58.9 |       9 |       2 |  18.2
        D:6 |     837 |     994 |  54.3 |      14 |       5 |  26.3
        D:7 |    1453 |      75 |   4.9 |      27 |      12 |  30.8
        D:8 |     278 |     859 |  75.5 |       6 |       2 |  25.0
        D:9 |    3385 |     852 |  20.1 |      32 |       1 |   3.0
       D:10 |    1371 |    2672 |  66.1 |      25 |      17 |  40.5
       D:11 |    3756 |       0 |   0.0 |      11 |       0 |   0.0
       D:12 |    5229 |       0 |   0.0 |      21 |       0 |   0.0
       D:13 |    6868 |       0 |   0.0 |      27 |       0 |   0.0
       D:14 |    6698 |    6816 |  50.4 |       9 |      20 |  69.0
     Lair:1 |    7090 |    2722 |  27.7 |      32 |       3 |   8.6
     Lair:2 |    2222 |    3398 |  60.5 |      12 |       9 |  42.9
     Lair:3 |    3582 |     262 |   6.8 |      19 |       1 |   5.0
     Lair:4 |   11798 |    5798 |  33.0 |      43 |      17 |  28.3
     Lair:5 |    8889 |    8730 |  49.5 |      22 |      46 |  67.6
            +---------+---------+-------+---------+---------+-------
